Map: Jagannatha LE

Players

Duke - Winner!

  • Race: Protoss Protoss
  • League: Diamond
  • Spawn Location: 1:00

A.I. 1 (Very Easy)

  • Race: Protoss Protoss
  • Spawn Location: 7:00

VOD

Have the link to the VOD?

Description

Time

  • Played on: Jan. 23, 2021, 6:27 p.m.
  • Length: 5:57
Show
View Real Time Build Order
Export as new Build Order

Duke Protoss - Winner!

Build Orders:  

Get SALT Encoding   

  12  0:00  Probe  
  13  0:12  Probe  
  14  0:17  Pylon  
  14  0:24  Probe  
  15  0:35  Gateway  
  15  0:37  Probe (Chrono Boost)  
  16  0:43  Assimilator  
  16  0:47  Probe (Chrono Boost)  
  17  0:53  Assimilator  
  17  0:55  Probe  
  18  1:07  Probe  
  19  1:11  Gateway  
  19  1:19  Probe  
  19  1:25  Cybernetics Core  
  20  1:31  Probe  
  21  1:36  Pylon  
  21  1:43  Probe  
  22  1:58  Stalker (Chrono Boost)  
  22  2:00  Stalker (Chrono Boost)  
  26  2:09  Warp Gate  
  26  2:21  Stalker x2  
  28  2:26  Pylon  
  30  2:51  Stalker x2  
  34  3:03  Nexus  
  34  3:12  Twilight Council  
  34  3:15  Probe  
  35  3:27  Probe  
  35  3:30  Robotics Facility  
  36  3:36  Gateway  
  36  3:39  Probe  
  37  3:46  Charge (Chrono Boost)  
  37  3:56  Gateway  
  37  4:03  Gateway  
  37  4:15  Warp Prism (Chrono Boost)  
  37  4:23  Zealot  
  41  4:28  Zealot  
  43  4:31  Zealot  
  43  4:35  Pylon  
  45  4:58  Zealot x5  
  55  5:01  Pylon  
  55  5:20  Zealot x4  
  63  5:21  Zealot  
  63  5:26  Pylon  
  65  5:46  Zealot  
  65  5:47  Zealot x3  
  65  5:48  Zealot  
Show
View Real Time Build Order
Export as new Build Order

A.I. 1 (Very Easy) Protoss 

Build Orders:  

Get SALT Encoding   

  12  0:00  Probe  
  13  0:13  Probe  
  14  0:21  Pylon  
  14  0:37  Assimilator  
  14  0:43  Gateway  
  14  0:46  Pylon  
  14  1:14  Assimilator  
  14  1:18  Probe  
  15  1:26  Probe  
  16  1:33  Cybernetics Core  
  16  1:34  Probe  
  17  1:44  Probe  
  18  1:56  Probe  
  18  1:59  Warp Gate  
  19  2:04  Probe  
  20  2:11  Stalker  
  22  5:26  Probe  
  22  5:35  Stalker  
  24  5:37  Pylon  
  24  5:38  Probe  
Tags
 
League
Diamond
Matchup
PvP
Spawn Locations
Cross Positions
Add a new tag
Caveats
  • Supply blocks, unpowered buildings, or Contaminate may cause inaccurate times.
  • Supply counts are checked every 10 seconds.